 Dungeon Crawl Stone Soup version 0.28-a0-1567-g1695149f81 (webtiles) character file.

Game seed: 14031936315126804407

2076 comborobin the Grappler (level 9, -4/73 (80) HPs)
             Began as a Troll Cinder Acolyte on Jan 20, 2022.
             Was a Believer of Ignis.
             Slain by a wight (11 damage)
             ... on level 8 of the Dungeon.
             The game lasted 00:02:18 (1000 turns).

comborobin the Grappler (Troll Cinder Acolyte)      Turns: 1000, Time: 00:02:18

HP:   -4/73 (80)    AC: 11    Str: 24    XL:     9   Next: 6%
MP:   9/9           EV:  9    Int: 10    God:    Ignis [**....]
Gold: 65            SH:  0    Dex:  9    Spells: 10/10 levels left

rFire   + + .      SeeInvis .     - Unarmed
rCold   + . .      Faith    .   (no shield)
rNeg    . . .      Spirit   .   a - +0 robe
rPois   +          Reflect  .   (helmet restricted)
rElec   +          Harm     .   (no cloak)
rCorr   +          Rampage  .   (gloves unavailable)
Will    .....                   (boots unavailable)
Stlth   +.........              (no amulet)
HPRegen 1.02/turn               (no ring)
MPRegen 0.11/turn               (no ring)

@: resistant, fiery-armoured, drained
A: large, unfitting armour, claws 3, regeneration 1, shaggy fur 1, tough skin 1
a: Renounce Religion, Fiery Armour, Foxfire Swarm, Rising Flame


You were on level 8 of the Dungeon.
You worshipped Ignis.
Ignis was pleased with you.
You visited 1 branch of the dungeon, and saw 8 of its levels.

You collected 65 gold pieces.

Inventory:

Armour
 a - a +0 robe (worn)
Potions
 b - a potion of brilliance {unknown}
 e - a potion of resistance


   Skills:
 - Level 2.4 Fighting
 + Level 12.2 Unarmed Combat
 - Level 1.0 Spellcasting
 - Level 2.1 Fire Magic


You had 10 spell levels left.
You didn't know any spells.
Your spell library contained the following spells:

 Spells                   Type           Power      Damage    Failure   Level
 Scorch                   Fire           8%         2d5       22%         2


Dungeon Overview and Level Annotations

Branches:
Dungeon (8/15)
 Temple: D:4-7         Lair: D:8-11

Altars:

Annotations:
D:3 Terence
D:8 Maggie


Innate Abilities, Weirdness & Mutations

You are too large for most types of armour.
You have claws for hands.
Your natural rate of healing is unusually fast.
You are covered in fur. (AC +1)
You have tough skin. (AC +1)


Message History

The wight is severely damaged.
The wight hits you but does no damage.
The wight is burned by your cloak of flames.
The wight is moderately damaged.
The wight hits you with a +0 scimitar!
* * * LOW HITPOINT WARNING * * *
You feel drained.
* * * LOW HITPOINT WARNING * * *
You mangle the wight!!
You destroy the wight!
The wight hits you with a +3 short sword.
* * * LOW HITPOINT WARNING * * *
You feel drained.
The wight is burned by your cloak of flames.
The wight is severely damaged.
You closely miss the wight.
The wight is moderately damaged.
The wight hits you but does no damage.
The wight is burned by your cloak of flames.
The wight is lightly damaged.
The wight hits you with a +0 scimitar!
* * * LOW HITPOINT WARNING * * *
You feel drained.
The wight is burned by your cloak of flames.
The wight is heavily damaged.
Unknown command.
You barely miss the wight.
The wight is severely damaged.
The wight barely misses you. The wight hits you with a +0 scimitar.
* * * LOW HITPOINT WARNING * * *
The wight hits you with a +0 scimitar.
* * * LOW HITPOINT WARNING * * *
You feel drained.
* * * LOW HITPOINT WARNING * * *
Unknown command.
Unknown command.
You scratch the wight.
The wight is almost destroyed.
The wight barely misses you. The wight hits you with a +0 scimitar!
You die...

.##.##......#
.#.#.......
.....$...
.......###
........
.....# #)z..#
#@z..# ##z..#
#(..# #...#
#...# #...#
#...# ##...#
#####....#


You could see 3 wights.

Vanquished Creatures
  A two-headed ogre (D:8)
  Sigmund (D:3)
  A water moccasin (D:7)
  2 black bears
  An orc warrior (D:8)
  An ice beast (D:7)
  2 ogres
  2 phantoms
  A kobold brigand (D:7)
  3 wights
  2 howler monkeys (D:8)
  A centaur zombie (D:8)
  2 jellies (D:7)
  A centaur skeleton (D:7)
  2 hounds
  A gnoll shaman (D:7)
  An iguana (D:6)
  A howler monkey skeleton (D:7)
  An adder (D:5)
  2 white imps (D:7)
  A worm (D:3)
  7 orcs
  2 giant cockroaches (D:3)
  6 goblins (D:3)
  3 hobgoblins (D:3)
  4 jackals (D:3)
  3 rats (D:3)
55 creatures vanquished.

Vanquished Creatures (others)
  44 foxfires
  3 fungi (D:8)
  24 plants
71 creatures vanquished.

Grand Total: 126 creatures vanquished

Notes
Turn   | Place    | Note
-------+----------+-------------------------------------------
     0 | D:1      | comborobin the Troll Cinder Acolyte began the quest for the
                  | Orb.
     0 | D:1      | Reached XP level 1. HP: 22/22 MP: 1/1
   125 | D:3      | Reached XP level 2. HP: 28/29 MP: 2/2
   181 | D:3      | Noticed Sigmund
   186 | D:3      | Killed Sigmund
   187 | D:3      | Reached skill level 5 in Unarmed Combat
   187 | D:3      | Reached XP level 3. HP: 36/36 MP: 3/3
   187 | D:3      | Reached XP level 4. HP: 44/44 MP: 4/4
   187 | D:3      | Reached XP level 5. HP: 50/50 MP: 5/5
   327 | D:3      | Reached skill level 6 in Unarmed Combat
   386 | D:3      | Noticed Terence
   398 | D:3      | You fall into a shaft and drop 1 floor!
   428 | D:4      | Noticed a phantom
   434 | D:4      | Killed a phantom
   436 | D:4      | Reached XP level 6. HP: 53/59 MP: 6/6
   444 | D:5      | Entered Level 5 of the Dungeon
   582 | D:6      | Reached skill level 7 in Unarmed Combat
   667 | D:6      | Reached skill level 8 in Unarmed Combat
   667 | D:6      | Reached XP level 7. HP: 47/66 MP: 7/7
   794 | D:7      | Reached skill level 9 in Unarmed Combat
   814 | D:7      | Reached XP level 8. HP: 17/74 MP: 8/8
   839 | D:7      | Reached skill level 10 in Unarmed Combat
   940 | D:8      | Noticed a two-headed ogre
   956 | D:8      | Noticed Maggie
   965 | D:8      | Killed a two-headed ogre
   966 | D:8      | Reached skill level 12 in Unarmed Combat
   968 | D:8      | Reached XP level 9. HP: 23/80 MP: 9/9
  1000 | D:8      | Slain by a wight

Illustrated notes

Levels and vault maps discovered:
D:1:      nzn_arrival_water_spiral, layout_basic,
          hellmonk_ecumenical_altar_heavens_door
D:2:      layout_basic, basic_altar
D:3:      minmay_goblin_kobold_castle, layout_loops_cross,
          kennysheep_generic_room_8, uniq_terence, uniq_sigmund, uniq_pargi
D:4:      layout_layer_cave, slow_altar_1, minmay_temple_entry_proselytizer,
          uniq_pikel
D:5:      layout_loops_cross, kennysheep_okawaru_gauntlet, serial_shops,
          nicolae_shop_behind_doors, shop, minmay_misc_feat_room
D:6:      layout_cave_pools
D:7:      nzn_winding_woodlands_three_and_one [nzn_winding_woodlands_5x15_eye,
          nzn_winding_woodlands_5x15_pockets, nzn_winding_woodlands_5x15_parted,
          nzn_winding_woodlands_center_garden], layout_basic,
          chequers_serial_rivers_small_b
D:8:      layout_basic, minmay_lair_entry_grove, minmay_fire_ice_demons,
          uniq_joseph, uniq_maggie

Skill      XL: |  1  2  3  4  5  6  7  8 |
---------------+-------------------------+-----
Unarmed Combat | 5 6 8 9 12 | 12.2
Fighting       | |  2.4
Spellcasting   | |  1.0
Fire Magic     | |  2.1

Action                   |  1- 3 |  4- 6 |  7- 9 || total
-------------------------+-------+-------+-------++-------
Melee: Unarmed           |    30 |    44 |   101 ||   175
       Punch             |       |     2 |       ||     2
Invok: Foxfire Swarm     |     1 |     1 |     2 ||     4
       Fiery Armour      |       |       |     2 ||     2
  Use: Potion            |     1 |       |     2 ||     3
       Scroll            |       |       |     3 ||     3
Armor: Robe              |     7 |    21 |    24 ||    52
Dodge: Dodged            |    15 |    27 |    37 ||    79

Table legend: (Time is in decaauts)
 A = Elapsed time spent in this place.
 B = Non-inter-level travel time spent in this place.
 C = Inter-level travel time spent in this place.
 D = Time resting spent in this place.
 E = Time spent auto-exploring this place.
 F = Levels seen in this place.
 G = Mean time per level.
                   A        B        C        D        E       F      G
               +--------+--------+--------+--------+--------+-----+--------+
         Total |    971 |    941 |     30 |     98 |    466 |   8 |  121.4 |
       Dungeon |    971 |    941 |     30 |     98 |    466 |   8 |  121.4 |
               +--------+--------+--------+--------+--------+-----+--------+

Top non-repeatable levels by time:
     D:3: 291 daAuts
     D:7: 199 daAuts
     D:6: 140 daAuts
     D:5: 114 daAuts
     D:2: 96 daAuts
     D:8: 81 daAuts
     D:4: 45 daAuts
     D:1: 2 daAuts
